AoeStats
← Chiripa605

Arena

508990745Analyzed
4v4 RM · 6d ago on Sep 25, 2026· 24m 23s· 8 players
Game mode
Random Map
Map size
Large (8 player)
Population
200
Speed
Normal
Resources
Standard
Victory
Conquest
Starting age
Dark Age
Ending age
Imperial Age
RankedLock teamsTeams togetherTeam positionsShared explorationLock speedFull tech treeHidden civsTurbo modeCheats
Victory
Defeat
🇧🇷 Teutons · Brazil
1467
+15
🇺🇸 Britons · United States
1422
+16
🇦🇷 Poles · Argentina
1397
+17
🇺🇸 Danes · United States
1368
+19
🇹🇷 Danes · Türkiye
1479
-19
🇹🇼 Dravidians · Taiwan
1445
-17
🇳🇿 Britons · New Zealand
1431
-17
🇺🇸 Maya · United States
1371
-14
Chiripa605
10:35 Feudal Age
14:20 Castle Age
12:39 Double-Bit Axe
14:56 Loom
15:24 Bow Saw
18:12 Town Watch
20:05 Wheelbarrow
19:22 Horse Collar
20:59 Heavy Plow
22:09 Hand Cart
22:00 Gold Mining
ValkriaN
10:44 Feudal Age
11:46 Double-Bit Axe
14:43 Castle Age
12:34 Horse Collar
17:58 Bow Saw
20:06 Loom
21:45 Wheelbarrow
21:26 Gold Mining
22:15 Heavy Plow
23:28 Stone Mining
24:58 Hand Cart
24:28 Loom
25:24 Stone Shaft Mining
Hakka1_90
5:49 Loom
8:09 Feudal Age
10:29 Fletching
15:01 Wheelbarrow
19:51 Forging
23:04 Bloodlines
26:11 Castle Age
24:39 Double-Bit Axe
24:36 Horse Collar
24:48 Gold Mining
kwestes
9:16 Feudal Age
7:37 Loom
9:26 Feudal Age
8:31 Loom
15:07 Castle Age
12:58 Arson
13:42 Scale Mail Armor
13:44 Double-Bit Axe
14:14 Horse Collar
15:27 Forging
16:13 Gambesons
22:04 Squires
23:34 Iron Casting
whitewidow52
0:27 Loom
10:36 Feudal Age
13:09 Horse Collar
15:35 Castle Age
14:05 Double-Bit Axe
18:44 Crossbowman
Not Ben
10:24 Feudal Age
11:25 Double-Bit Axe
12:25 Loom
16:16 Castle Age
15:16 Fletching
17:51 Scale Mail Armor
MinorCloud9519
9:56 Feudal Age
11:35 Double-Bit Axe
14:15 Castle Age
12:48 Horse Collar
15:39 Bow Saw
15:20 Town Watch
劉劉家
10:51 Feudal Age
14:35 Castle Age
12:25 Double-Bit Axe
12:55 Horse Collar
15:46 Bow Saw
17:33 Wheelbarrow
22:57 Gold Mining
23:45 Hand Cart
24:33 Town Watch
Connection lost

Rejoining the realm…

Still unreachable

The connection could not be restored.

Session expired

The server has moved on; the page needs a fresh start.